 Dungeon Crawl Stone Soup version 0.31-a0-1610-g9787180647 (webtiles) character file.

Game seed: 15430023643587015864

9079 gruber the Cleaver (level 11, 0/90 (92) HPs)
             Began as a Hill Orc Fighter on Jan 8, 2024.
             Was a Follower of Uskayaw.
             Slain by a starflower (5 damage)
             ... on level 3 of the Abyss on Jan 9, 2024.
             The game lasted 00:13:15 (9983 turns).

gruber the Cleaver (Hill Orc Fighter)               Turns: 9983, Time: 00:13:16

HP:   0/90 (92)     AC: 24    Str: 22    XL:     11   Next: 40%
MP:   14/14         EV:  0    Int:  8    God:    Uskayaw [*.....]
Gold: 581           SH: 17    Dex: 12    Spells: 10/10 levels left

rFire   . . .        a - +0 war axe
rCold   . . .        H - +2 kite shield {reflect}
rNeg    . . .        G - +0 crystal plate armour
rPois   +            b - +0 helmet
rElec   .            (no cloak)
rCorr   .            (no gloves)
SInv    .            B - +0 pair of boots
Will    .....        v - amulet of reflection Stlth
                     j - ring of poison resistance
HPRegen 0.35/turn    (no ring)
MPRegen 0.14/turn

%: reflection
@: about to teleport, constricted, lightly drained
A: no striking features
a: Renounce Religion, Stomp


You were on level 3 of the Abyss.
You worshipped Uskayaw.
Uskayaw was noncommittal.
You visited 2 branches of the dungeon, and saw 10 of its levels.
You visited the Abyss 1 time.
You also visited: Bailey.

You collected 581 gold pieces.

Inventory:

Hand Weapons
 a - a +0 war axe (weapon)
Missiles
 c - 6 throwing nets (quivered)
Armour
 b - a +0 helmet (worn)
 p - a +1 scale mail of cold resistance
 B - a +0 pair of boots (worn)
 G - a +0 crystal plate armour (worn)
 H - a +2 kite shield of reflection (worn)
Jewellery
 j - a ring of poison resistance (left hand)
 v - an amulet of reflection (around neck)
Wands
 q - a wand of mindburst (9)
 t - a wand of flame (46)
 u - a wand of light (12)
 A - a wand of roots (26)
 C - a wand of charming (6)
Scrolls
 d - a scroll of vulnerability
 e - 3 scrolls of enchant armour {unknown}
 f - 4 scrolls of teleportation
 h - 3 scrolls of fear {unknown}
 i - a scroll of amnesia {unknown}
 l - 13 scrolls of identify
 n - a scroll of silence {unknown}
 r - a scroll of fog {unknown}
 s - 3 scrolls of poison {unknown}
 w - a scroll of immolation {unknown}
 y - 2 scrolls of noise {unknown}
 D - a scroll of acquirement {unknown}
 F - 2 scrolls of enchant weapon {unknown}
Potions
 g - 2 potions of lignification {unknown}
 k - 6 potions of curing
 m - 2 potions of cancellation {unknown}
 o - a potion of brilliance {unknown}
 x - a potion of heal wounds {unknown}
 z - a potion of haste {unknown}
 E - a potion of magic {unknown}


   Skills:
 * Level 7.2 Fighting
 - Level 14.0 Axes
 - Level 12.1 Armour
 - Level 7.2 Shields
 - Level 5.0 Invocations


You had 10 spell levels left.
You didn't know any spells.
Your spell library contained the following spells:

 Spells                   Type           Power      Damage    Failure   Level
 Gell's Gravitas          Tloc           0%         N/A       100%        3
 Teleport Other           Tloc           0%         N/A       100%        3
 Tukima's Dance           Hex            0%         N/A       100%        3
 Dimensional Bullseye     Hex/Tloc       0%         N/A       100%        4
 Iskenderun's Mystic Bla  Conj/Tloc      0%         2d3       100%        4
 Summon Blazeheart Golem  Fire/Summ      0%         N/A       100%        4
 Summon Forest            Summ/Tloc      0%         N/A       100%        5
 Dispersal                Tloc           0%         N/A       100%        6
 Maxwell's Capacitive Co  Air            0%         ∞         100%        8


Dungeon Overview and Level Annotations

Branches:
Dungeon (9/15)             Temple (1/1) D:7          Bailey (visited)
   Lair: D:8-11         Orc: D:9-12

Altars:
Ashenzari
Cheibriados
Dithmenos
Elyvilon
Fedhas
Gozag
Hepliaklqana
Kikubaaqudgha
Makhleb
Nemelex Xobeh
Okawaru
Qazlal
Ru
Sif Muna
Trog
Uskayaw
Vehumet
Wu Jian
Xom
Yredelemnul
Zin
The Shining One

Shops:
D:1 (   D:7 (   D:9 [:


Message History

The laughing skull gibbers with scorn.
The bolt of negative energy hits you.
You feel drained.
You block the spatial maelstrom's attack.
The spatial maelstrom hits you but does no damage.
The starflower fires a harpoon shot at you.
The harpoon shot hits you!
You are yanked forward by the harpoon shot. 2 starflowers, 2 thrashing horrors and an ancient zyme come into view.
You block the spatial vortex's attack. The starspawn tentacle grabs you.
The starspawn tentacle constricts you.
The thrashing horror roars!
Found a gateway leading deeper into the Abyss.
Unknown command.
Unknown command.
Unknown command.
As you read the scroll labelled PINYUM BOXAIMI, it crumbles to dust.
You feel strangely unstable.
You feel the power of the Abyss delaying your translocation!
It was a scroll of teleportation.
The starflower gurgles horribly!
You hear a horrible gurgling sound!
The thrashing horror tramples you!
You are held in place!
You block the thrashing horror's attack.
You feel yourself growing ill in the presence of the ancient zyme.
The starflower tentacle-slaps you! Space warps horribly around you!!
* * * LOW HITPOINT WARNING * * *
The starflower tentacle-slaps you but does no damage.
You block the starflower's attack.
The starspawn tentacle constricts you. 2 spatial vortices come into view.
Unknown command.
Unknown command.
Unknown command.
Unknown command.
It was a potion of curing.
You feel better. The spatial vortex hits you.
* * * LOW HITPOINT WARNING * * *
Space warps around you.
* * * LOW HITPOINT WARNING * * *
The starflower tentacle-slaps you.
* * * LOW HITPOINT WARNING * * *
Space warps around you.
You die...

...###.##...# ..
# . ....# .#
#..#z# ##.# ##
#..##..z.##..##.#
..######........
. . # # z..z#.
.#... .. . ##
..##vvv.#..# . .
#..###Xv######..
#....#P@w.♣ .#. .
#. ####Xvv>....#
# .. .##.
#.│──Xw.... . ..
.. #..───.x..#
##P...#...P .e.#
########## . . .


You could see 3 starflowers, a tentacled starspawn, a spatial maelstrom, 5
spatial vortices, an ancient zyme, 2 thrashing horrors, 2 laughing skulls and 2
starspawn tentacles.

Vanquished Creatures
  Gastronok (D:8)
  Harold (D:9)
  A worldbinder (Abyss:3)
  Maggie (D:6)
  Psyche (D:8)
  A troll (D:9)
  2 hornets (D:9)
  A small abomination (Abyss:3)
  A wraith (Abyss:3)
  5 yaks (D:9)
  2 steam dragons
  Edmund (D:5)
  3 water moccasins (D:6)
  2 sky beasts
  7 orc warriors
  A black bear (D:6)
  A hornet zombie (D:5)
  3 ogres
  3 phantoms
  2 kobold brigands
  4 gnoll sergeants
  3 bullfrogs
  2 scorpions
  13 wights
  A centaur zombie (D:5)
  A bullfrog zombie (D:5)
  A bombardier beetle (D:4)
  5 hounds
  2 jellies
  3 orc priests
  2 iguanas (D:4)
  Terence (D:3)
  2 gnoll boudas (D:9)
  2 sleepcaps
  14 orc wizards
  2 scorpion zombies (D:5)
  A hound zombie (D:5)
  28 gnolls
  7 adders
  A shadow imp (D:5)
  2 white imps
  2 ufetubi (D:7)
  3 ribbon worms
  A dart slug (D:1)
  45 orcs
  3 endoplasms
  4 giant cockroaches
  11 goblins
  9 hobgoblins
  10 jackals
  3 quokkas
  5 ball pythons
  3 bats
  A frilled lizard (D:1)
  8 kobolds
  3 rats
  A lurking horror (Abyss:3)
249 creatures vanquished.

Notes
Turn   | Place    | Note
-------+----------+-------------------------------------------
     0 | D:1      | gruber the Hill Orc Fighter began the quest for the Orb.
     0 | D:1      | Reached XP level 1. HP: 19/19 MP: 1/1
    86 | D:1      | You fall into a shaft and drop 1 floor!
   145 | D:2      | Reached skill level 3 in Axes
   253 | D:1      | Reached XP level 2. HP: 25/26 MP: 2/2
   441 | D:1      | Found a faded altar of an unknown god.
   457 | D:1      | Reached skill level 4 in Axes
   711 | D:1      | Found Ustruophi's Weapon Shop.
   792 | D:2      | Reached XP level 3. HP: 27/31 MP: 3/3
   922 | D:2      | Reached skill level 5 in Axes
   957 | D:2      | Reached XP level 4. HP: 38/39 MP: 4/4
  1418 | D:3      | Noticed Terence
  1427 | D:3      | Killed Terence
  1428 | D:3      | Reached skill level 6 in Axes
  1502 | D:3      | Found a bloodstained altar of Trog.
  1595 | D:3      | Found a glowing golden altar of the Shining One.
  1595 | D:3      | Found a white marble altar of Elyvilon.
  1863 | D:3      | Reached XP level 5. HP: 45/45 MP: 5/5
  1941 | D:3      | Found a radiant altar of Vehumet.
  2079 | D:3      | Found a glowing silver altar of Zin.
  2264 | D:4      | Reached skill level 7 in Axes
  2321 | D:4      | Reached skill level 8 in Axes
  2321 | D:4      | Reached XP level 6. HP: 22/51 MP: 6/6
  2980 | D:4      | Reached skill level 9 in Axes
  2985 | D:4      | Reached XP level 7. HP: 29/57 MP: 7/7
  3286 | D:5      | Entered Level 5 of the Dungeon
  3339 | D:5      | Reached skill level 10 in Axes
  3472 | D:5      | Noticed Edmund
  3491 | D:5      | Killed Edmund
  3646 | D:5      | Reached skill level 5 in Armour
  3657 | D:5      | Reached XP level 8. HP: 45/64 MP: 8/8
  4600 | D:6      | Found an ancient bone altar of Kikubaaqudgha.
  4602 | D:6      | Found a sacrificial altar of Ru.
  4602 | D:6      | Found a snail-covered altar of Cheibriados.
  4602 | D:6      | Found a broken altar of Ashenzari.
  4605 | D:6      | Found an opulent altar of Gozag.
  4823 | D:6      | Noticed Maggie
  4831 | D:6      | Killed Maggie
  4832 | D:6      | Reached XP level 9. HP: 70/70 MP: 9/9
  5200 | D:6      | Reached skill level 5 in Fighting
  5841 | D:6      | Reached skill level 11 in Axes
  6095 | D:7      | Found a staircase to the Ecumenical Temple.
  6110 | Temple   | Entered the Ecumenical Temple
  6126 | Temple   | Became a worshipper of Uskayaw the Reveller
  6142 | D:7      | Reached * piety under Uskayaw
  6160 | D:7      | Reached ** piety under Uskayaw
  6571 | D:7      | Reached skill level 12 in Axes
  6687 | D:7      | Reached *** piety under Uskayaw
  6688 | D:7      | Reached XP level 10. HP: 58/86 MP: 10/10
  6929 | D:7      | Found Verahiwuep's Weapon Shoppe.
  7030 | D:7      | Reached **** piety under Uskayaw
  7033 | D:7      | Reached skill level 13 in Axes
  7337 | D:7      | Got the Compendium of the Unified Sixfirhy
  7773 | D:8      | Found a flagged portal.
  7798 | Bailey   | Entered a bailey
  7944 | Bailey   | Reached ***** piety under Uskayaw
  8453 | D:8      | Found a shadowy altar of Dithmenos.
  8467 | D:8      | Reached skill level 14 in Axes
  8496 | D:8      | Noticed Gastronok
  8509 | D:8      | Killed Gastronok
  8606 | D:8      | Noticed Psyche
  8635 | D:8      | Killed Psyche
  9000 | D:9      | Reached skill level 10 in Armour
  9155 | D:9      | Reached XP level 11. HP: 92/92 MP: 11/11
  9165 | D:9      | Found Xaefecis's Book Boutique.
  9387 | D:9      | Reached ****** piety under Uskayaw
  9467 | D:9      | Noticed Harold
  9489 | D:9      | Killed Harold
  9565 | D:9      | Found Ufuh's Antique Armour Shop.
  9714 | D:9      | Noticed an occultist
  9714 | Abyss:3  | Cast into level 3 of the Abyss (an occultist)
  9726 | Abyss:3  | Noticed a starcursed mass
  9911 | Abyss:3  | Noticed a worldbinder
  9912 | Abyss:3  | Noticed a deep elf zephyrmancer
  9928 | Abyss:3  | Killed a worldbinder
  9929 | Abyss:3  | Reached skill level 5 in Invocations
  9942 | Abyss:3  | Noticed a worldbinder
  9979 | Abyss:3  | Noticed a spatial maelstrom
  9979 | Abyss:3  | Noticed a tentacled starspawn
  9980 | Abyss:3  | Noticed a starflower
  9981 | Abyss:3  | Noticed a starflower
  9981 | Abyss:3  | Noticed a starflower
  9981 | Abyss:3  | Noticed a thrashing horror
  9981 | Abyss:3  | Noticed a thrashing horror
  9983 | Abyss:3  | Slain by a starflower

Illustrated notes

Levels and vault maps discovered:
D:1:      dpeg_arrival_boxorama, layout_basic, serial_shops,
          nicolae_shop_tiny_real_fake_doors, ebering_ecumenical_altar_rust
D:2:      layout_basic, minmay_misc_feat_nine_boxes
D:3:      cheibrodos_helix_gallery, layout_rooms, dreamdust_divine_triumvirate,
          vehumet_altar_wand_db, bloody_trog, uniq_terence
D:4:      layout_basic
D:5:      layout_loops_ring, serial_undead, serial_undead_c, serial_undead_f,
          serial_undead_b, serial_undead_f, minmay_misc_feat_enclosed,
          due_unseen_surprise, uniq_edmund
D:6:      layout_basic, grunt_temple_overflow_open, uniq_maggie
D:7:      layout_gridville, minmay_temple_entry_large_hall, serial_shops,
          nicolae_shop_real_fake_doors
D:8:      layout_rooms, lemuel_crystal_altar, enter_bailey_5, uniq_psyche,
          uniq_gastronok
D:9:      layout_cave_pools, serial_gnoll_camp, gnoll_camp_mini_hut,
          gnoll_camp_mini_shop, gnoll_camp_medium_02, gnoll_camp_mini_shop,
          gnoll_camp_mini_loothouse, gnoll_camp_mini_hut, nicolae_doodle_vault,
          uniq_harold
Temple:   nicolae_temple_ecumenical_triangle
Abyss:3:  base: D:5, spicy_abyss_unhelpful_harpoons, base:
D:5

Skill      XL: |  1  2  3  4  5  6  7  8  9 10 11 |
---------------+----------------------------------+-----
Axes           | 3 4 5 6 8 9 10 12 14 | 14.0
Armour         | 5 8 11 12 | 12.1
Shields        | 6 7 |  7.2
Fighting       | 7 |  7.2
Invocations    | 5 |  5.0

Action                     |  1- 3 |  4- 6 |  7- 9 | 10-12 || total
---------------------------+-------+-------+-------+-------++-------
  Melee: War axe           |   116 |   169 |   364 |   379 ||  1028
  Evoke: Wand              |       |     2 |    15 |       ||    17
    Use: Potion            |       |       |       |     2 ||     2
         Scroll            |       |       |       |     2 ||     2
   Stab: Invisible         |       |     1 |     1 |       ||     2
         Paralysed         |       |       |       |    26 ||    26
 Armour: Scale mail        |    71 |   106 |   213 |    73 ||   463
         Crystal plate arm |       |       |       |   117 ||   117
         Skin              |       |       |       |    14 ||    14
  Dodge: Dodged            |    67 |    73 |    88 |    55 ||   283
  Block: Buckler           |    31 |    40 |   146 |    67 ||   284
         Reflection        |       |       |     3 |     2 ||     5
         Kite shield       |       |       |       |   176 ||   176

Table legend: (Time is in decaauts)
 A = Elapsed time spent in this place.
 B = Non-inter-level travel time spent in this place.
 C = Inter-level travel time spent in this place.
 D = Time resting spent in this place.
 E = Time spent auto-exploring this place.
 F = Levels seen in this place.
 G = Mean time per level.
                   A        B        C        D        E       F      G
               +--------+--------+--------+--------+--------+-----+--------+
         Total |  10019 |   9734 |    285 |    768 |   6932 |  12 |  834.9 |
       Dungeon |   9143 |   8863 |    280 |    419 |   6716 |   9 | 1015.9 |
        Temple |     21 |     16 |      5 |      0 |      0 |   1 |   21.0 |
         Abyss |    266 |    266 |      0 |    173 |     17 |   1 |  266.0 |
        Bailey |    588 |    588 |      0 |    176 |    198 |   1 |  588.0 |
               +--------+--------+--------+--------+--------+-----+--------+

Top non-repeatable levels by time:
     D:6: 1482 daAuts
     D:7: 1372 daAuts
     D:5: 1319 daAuts
     D:4: 1193 daAuts
     D:8: 874 daAuts
     D:2: 810 daAuts
     D:9: 735 daAuts
     D:3: 706 daAuts
     D:1: 649 daAuts
  Bailey: 588 daAuts
 Abyss:3: 266 daAuts
  Temple: 21 daAuts
